[Event "ICC tourney 1953 (60 10)"]
[Site "Internet Chess Club"]
[Date "2020.08.08"]
[Round "4"]
[White "rhungaski"]
[Black "Oligarkh"]
[Result "0-1"]
[ICCResult "White resigns"]
[WhiteElo "2574"]
[BlackElo "2693"]
[Opening "QGD Slav: exchange variation"]
[ECO "D13"]
[NIC "SL.02"]
[Time "12:07:39"]
[TimeControl "3600+10"]

1. d4 Nf6 2. c4 c6 3. Nf3 d5 4. cxd5 cxd5 5. Nc3 Nc6 6. Bf4 a6 7. Rc1 Bf5 8.
e3 e6 9. Ne5 Nxe5 10. Bxe5 Nd7 11. Bg3 Be7 12. Bd3 Bg6 13. O-O O-O 14. Bxg6
hxg6 15. Qb3 Qb6 16. Qxb6 Nxb6 17. Rc2 Rac8 18. Rfc1 Rc6 19. Nb1 Nc4 20. b3
Na5 21. Kf1 Rfc8 22. Rxc6 Nxc6 23. Nd2 f6 24. Nf3 g5 25. Ne1 g4 26. Nd3 Kf7
27. Ke1 Ba3 28. Rc2 a5 29. Kd1 Ra8 30. Nc5 Nb4 31. Rd2 b6 32. Na4 Rc8 33.
Nxb6 Rc1+ 34. Ke2 Rc6 35. Na4 Bc1 36. Rd1 Nxa2 37. Kf1 Ba3 38. f3 gxf3 39.
gxf3 Rc2 40. e4 Nc1 41. exd5 exd5 42. Nb6 Nxb3 43. Nxd5 Bb2 44. Ne3 Rc3 45.
Kf2 a4 46. d5 Rc1 47. Rxc1 Bxc1 48. Nc2 a3 49. Nb4 Bd2 50. Na2 Nc1 51. Bd6
Nxa2 52. Bxa3 Nc3 {White resigns} 0-1

[Event "ICC tourney 1953 (60 10)"]
[Site "Internet Chess Club"]
[Date "2020.08.08"]
[Round "4"]
[White "ozmin"]
[Black "frisco"]
[Result "1/2-1/2"]
[ICCResult "Game drawn by repetition"]
[WhiteElo "2284"]
[BlackElo "2469"]
[Opening "Caro-Kann: Panov-Botvinnik attack"]
[ECO "B13"]
[NIC "CK.03"]
[Time "12:07:36"]
[TimeControl "3600+10"]

1. c4 c6 2. e4 d5 3. exd5 cxd5 4. d4 Nf6 5. Nc3 Nc6 6. Bg5 Be6 7. Be2 h6 8.
Bxf6 exf6 9. Bf3 Bb4 10. Ne2 O-O 11. O-O Ne7 12. Qa4 Bxc3 13. Nxc3 dxc4 14.
d5 Bd7 15. Qxc4 Nf5 16. a4 Rc8 17. Qb4 a5 18. Qf4 g5 19. Qd2 Nd6 20. Be2 f5
21. Qd4 Re8 22. Bd3 f6 23. Rfe1 Kg7 24. f4 Qc7 25. Rxe8 Bxe8 26. Re1 Bf7 27.
fxg5 hxg5 28. h4 Qc5 29. Qxc5 Rxc5 30. Re7 gxh4 31. Rd7 Ne4 32. Nxe4 fxe4
33. Bxe4 f5 34. Bf3 Kf6 35. Rxb7 Bxd5 36. Bxd5 Rxd5 37. Kf2 Kg5 38. Rb5 Rd2+
39. Kf3 Rc2 40. Rxa5 Rxb2 41. Rb5 Ra2 42. Rb4 Ra3+ 43. Kf2 f4 44. Rb8 Rxa4
45. Rg8+ Kf5 46. Rf8+ Kg4 47. Rg8+ Kf5 48. Rf8+ Kg4 49. Rg8+ Kf5
{Game drawn by repetition}
1/2-1/2

[Event "ICC tourney 1953 (60 10)"]
[Site "Internet Chess Club"]
[Date "2020.08.08"]
[Round "4"]
[White "penguinwizard"]
[Black "hydroblade"]
[Result "0-1"]
[ICCResult "White resigns"]
[WhiteElo "2075"]
[BlackElo "2108"]
[Opening "King's Indian: 4.e4"]
[ECO "E70"]
[NIC "KI.31"]
[Time "12:07:49"]
[TimeControl "3600+10"]

1. d4 Nf6 2. c4 g6 3. Nc3 Bg7 4. e4 d6 5. Bd3 O-O 6. Nge2 e5 7. d5 a5 8. O-O
Na6 9. b3 Nd7 10. a3 Ndc5 11. Bc2 Bd7 12. Rb1 f5 13. f3 Be8 14. b4 Nd7 15.
exf5 gxf5 16. f4 Bh5 17. Qd3 e4 18. Qh3 Bg6 19. Be3 axb4 20. axb4 Nf6 21.
Nd4 Ng4 22. Ne6 Qf6 23. Nxe4 fxe4 24. Qxg4 Qc3 25. Qe2 Nxb4 26. Rfc1 Ra2 27.
Bd2 Bd4+ 28. Kh1 Rxc2 29. Bxc3 Rxe2 30. Bxd4 Nd3 31. Nxf8 Nxc1 32. Nxg6 Re1+
33. Bg1 hxg6 34. g3 e3 35. Kg2 e2 36. Bf2 Rd1 37. Kf3 b6 38. c5 bxc5 39.
Rb8+ Kf7 40. Rb7 e1=Q 41. Bxe1 Rxe1 42. Rxc7+ Re7 43. Rc6 Rd7 44. h4 Na2 45.
Ke4 Nc3+ {White resigns} 0-1

[Event "ICC tourney 1953 (60 10)"]
[Site "Internet Chess Club"]
[Date "2020.08.08"]
[Round "4"]
[White "ChessDex"]
[Black "lmperatorX"]
[Result "1-0"]
[ICCResult "Black resigns"]
[WhiteElo "2277"]
[BlackElo "2109"]
[Opening "Réti opening"]
[ECO "A05"]
[NIC "QP.11"]
[Time "12:07:38"]
[TimeControl "3600+10"]

1. Nf3 Nf6 2. g3 d5 3. Bg2 e6 4. O-O Be7 5. d3 b6 6. e4 Bb7 7. e5 Nfd7 8. h4
O-O 9. Re1 c5 10. Bf4 Nc6 11. Nbd2 h6 12. Nf1 Re8 13. N1h2 Nf8 14. Bh3 Qc7
15. h5 Nh7 16. Ng4 Qd8 17. Qd2 d4 18. Bxh6 gxh6 19. Nxh6+ Kg7 20. Nxf7 Kxf7
21. Qh6 Ng5 22. Qg6+ Kf8 23. h6 Nxf3+ 24. Kh1 {Black resigns} 1-0

[Event "ICC tourney 1953 (60 10)"]
[Site "Internet Chess Club"]
[Date "2020.08.08"]
[Round "4"]
[White "nicochasin"]
[Black "asintomatico"]
[Result "1-0"]
[ICCResult "Black resigns"]
[WhiteElo "2413"]
[BlackElo "2540"]
[Opening "Sicilian: Taimanov (Bastrikov) variation"]
[ECO "B47"]
[NIC "SI.40"]
[Time "12:08:01"]
[TimeControl "3600+10"]

1. e4 c5 2. Nf3 Nc6 3. d4 cxd4 4. Nxd4 e6 5. Nc3 Qc7 6. g3 a6 7. Bg2 h5 8.
O-O h4 9. Re1 hxg3 10. hxg3 Bc5 11. Nxc6 bxc6 12. e5 f5 13. exf6 Nxf6 14.
Bf4 Qa7 15. Qd2 d5 16. Na4 Be7 17. c4 Bd7 18. Rac1 c5 19. cxd5 Bxa4 20. d6
Bd8 21. Rxe6+ Kf8 22. Rce1 Bd7 23. R6e2 Rb8 24. Qc2 Rb4 25. Qg6 Rxf4 26. Re7
Bxe7 27. Rxe7 {Black resigns} 1-0

[Event "ICC tourney 1953 (60 10)"]
[Site "Internet Chess Club"]
[Date "2020.08.08"]
[Round "4"]
[White "woodychess"]
[Black "slugger"]
[Result "1-0"]
[ICCResult "Black resigns"]
[WhiteElo "2225"]
[BlackElo "2335"]
[Opening "Nimzo-Indian: classical, 4...c5"]
[ECO "E38"]
[NIC "NI.22"]
[Time "12:08:01"]
[TimeControl "3600+10"]

1. d4 Nf6 2. c4 e6 3. Nc3 Bb4 4. Qc2 c5 5. dxc5 Na6 6. a3 Bxc3+ 7. Qxc3 Nxc5
8. b4 Nce4 9. Qd4 d5 10. c5 b6 11. f3 bxc5 12. bxc5 O-O 13. fxe4 Nxe4 14. g3
e5 15. Qb4 Bd7 16. Qb7 Bc6 17. Qb2 d4 18. Bg2 Qa5+ 19. Bd2 Nxd2 20. Bxc6
Nb3+ 21. Kf2 Rab8 22. Rb1 Qxc5 23. Ba4 d3+ 24. Kg2 Nd2 25. Qxb8 dxe2 26.
Nxe2 Qd5+ 27. Kh3 Ne4 28. Rhf1 Ng5+ 29. Kh4 Qe4+ 30. Nf4 exf4 31. Qxf8+ Kxf8
32. Rb8+ Ke7 33. Re8+ Kd6 34. Rxe4 Nxe4 35. gxf4 {Black resigns} 1-0

[Event "ICC tourney 1953 (60 10)"]
[Site "Internet Chess Club"]
[Date "2020.08.08"]
[Round "4"]
[White "tacticsalk"]
[Black "StayCalm"]
[Result "1-0"]
[ICCResult "Black resigns"]
[WhiteElo "2318"]
[BlackElo "2150"]
[Opening "King's Indian: 5.Nf3"]
[ECO "E90"]
[NIC "KI.20"]
[Time "12:07:34"]
[TimeControl "3600+10"]

1. d4 Nf6 2. c4 g6 3. Nc3 Bg7 4. e4 d6 5. Nf3 O-O 6. h3 e5 7. d5 c6 8. Be3
a6 9. Nd2 c5 10. g4 b5 11. cxb5 axb5 12. Bxb5 Ba6 13. Bxa6 Nxa6 14. Nc4 Rb8
15. a3 Ne8 16. h4 f5 17. gxf5 gxf5 18. exf5 e4 19. Nxe4 Qe7 20. Ng5 Nac7 21.
Qd3 Nf6 22. O-O-O Nfxd5 23. Nxh7 Nxe3 24. fxe3 d5 25. f6 Rxf6 26. Nxf6+ Qxf6
27. Rdf1 dxc4 28. Qxc4+ Qe6 29. Qxe6+ Nxe6 30. Rhg1 Kh8 31. Rg6 Bxb2+ 32.
Kc2 Nf8 33. Rxf8+ Rxf8 34. Kxb2 Re8 35. Rc6 Rxe3 36. Rxc5 Kg7 37. h5 Kf6 38.
a4 Ke6 39. a5 Kd6 40. Rg5 Kc6 41. Kc2 Kb7 42. Kd2 Rh3 43. Ke2 Ka7 44. Kf2
Kb7 45. Kg2 Rh4 46. Kg3 Rh1 47. Kg4 Ka6 48. Rf5 Rg1+ 49. Kh4 Rg2 50. h6 Rg1
51. Kh5 Rg2 52. Rg5 {Black resigns} 1-0

[Event "ICC tourney 1953 (60 10)"]
[Site "Internet Chess Club"]
[Date "2020.08.08"]
[Round "4"]
[White "PawnEatingZombi"]
[Black "Redbaron"]
[Result "0-1"]
[ICCResult "White resigns"]
[WhiteElo "2180"]
[BlackElo "2327"]
[Opening "Nimzo-Indian: classical, Pirc variation"]
[ECO "E39"]
[NIC "NI.21"]
[Time "12:07:35"]
[TimeControl "3600+10"]

1. d4 e6 2. c4 Nf6 3. Nc3 Bb4 4. Qc2 c5 5. dxc5 O-O 6. a3 Bxc5 7. Nf3 b6 8.
Bf4 Bb7 9. Rd1 d5 10. e3 Nbd7 11. cxd5 exd5 12. Be2 Rc8 13. Qd3 Re8 14. O-O
Nf8 15. h3 Ng6 16. Bh2 a6 17. b4 Bd6 18. Bxd6 Qxd6 19. Rc1 Rcd8 20. Rfd1 b5
21. Bf1 Qe7 22. Qd4 Nf8 23. a4 Ne6 24. Qh4 bxa4 25. Nxa4 d4 26. Nxd4 Qxb4
27. Rb1 Qxa4 28. Rxb7 Qxd1 {White resigns} 0-1

[Event "ICC tourney 1953 (60 10)"]
[Site "Internet Chess Club"]
[Date "2020.08.08"]
[Round "4"]
[White "Mookmookarmy"]
[Black "Kalmyk"]
[Result "1/2-1/2"]
[ICCResult "Game drawn by mutual agreement"]
[WhiteElo "2277"]
[BlackElo "2665"]
[Opening "Sicilian: Najdorf, 7.f4"]
[ECO "B96"]
[NIC "SI.05"]
[Time "12:07:36"]
[TimeControl "3600+10"]

1. e4 c5 2. Nf3 d6 3. d4 cxd4 4. Nxd4 Nf6 5. Nc3 a6 6. Bg5 e6 7. f4 Qc7 8.
Bxf6 gxf6 9. Qd2 b5 10. a3 Nc6 11. O-O-O Nxd4 12. Qxd4 Be7 13. Be2 h5 14.
Bf3 Rb8 15. Rhe1 Qb6 16. Qxb6 Rxb6 17. Ne2 h4 18. Nd4 Bf8 19. Kb1 Bh6 20. g3
Bd7 21. c3 Ke7 22. Rd3 a5 23. Red1 b4 24. axb4 axb4 25. c4 Rc8 26. b3 hxg3
27. hxg3 Bg7 28. R3d2 Ra6 29. Nc2 Rc7 30. Rd3 f5 31. exf5 Bc3 32. fxe6 fxe6
33. Rh1 Rca7 34. Rh7+ Kf8 35. Be4 Kg8 36. g4 Bg7
{Game drawn by mutual agreement}
1/2-1/2

[Event "ICC tourney 1953 (60 10)"]
[Site "Internet Chess Club"]
[Date "2020.08.08"]
[Round "4"]
[White "VerdeNotte"]
[Black "Terry1234"]
[Result "1-0"]
[ICCResult "Black resigns"]
[WhiteElo "2752"]
[BlackElo "2236"]
[Opening "Sicilian: closed, 2...Nc6"]
[ECO "B23"]
[NIC "SI.44"]
[Time "12:07:34"]
[TimeControl "3600+10"]

1. e4 c5 2. Nc3 Nc6 3. Bb5 Nd4 4. Nf3 e6 5. O-O a6 6. Bd3 b5 7. Nxd4 cxd4 8.
Ne2 Bc5 9. c3 dxc3 10. bxc3 Ne7 11. Bc2 Bb7 12. d4 Bb6 13. a4 bxa4 14. Ba3
O-O 15. Rb1 d6 16. e5 Nc8 17. c4 Rb8 18. exd6 Nxd6 19. c5 Nb5 20. Qd3 f5 21.
Rxb5 axb5 22. cxb6 Be4 23. Qd2 Rf7 24. Bxe4 fxe4 25. Bc5 Rf5 26. Qe3 Qd5 27.
Ng3 Rf7 28. Nxe4 b4 29. Qg3 e5 30. Nd6 Re7 31. Nf5 Rd7 32. Ne7+ Rxe7 33.
Bxe7 Rxb6 34. dxe5 b3 35. Qg4 b2 36. Qxa4 Kf7 37. Bb4 Qe4 38. Qd7+ Kg6 39.
Qe8+ Kh6 40. Bd2+ g5 41. Bxg5+ Kxg5 42. Qd8+ {Black resigns} 1-0

[Event "ICC tourney 1953 (60 10)"]
[Site "Internet Chess Club"]
[Date "2020.08.08"]
[Round "4"]
[White "zuz1209"]
[Black "jy2020"]
[Result "0-1"]
[ICCResult "White resigns"]
[WhiteElo "2121"]
[BlackElo "2245"]
[Opening "Sicilian, Chekhover variation"]
[ECO "B53"]
[NIC "SI.02"]
[Time "12:07:49"]
[TimeControl "3600+10"]

1. e4 c5 2. Nf3 d6 3. d4 cxd4 4. Qxd4 Nc6 5. Bb5 Bd7 6. Qd3 Nf6 7. c4 e6 8.
Nc3 Be7 9. O-O O-O 10. Bf4 a6 11. Bxc6 Bxc6 12. Rfd1 Qb6 13. b3 Rfd8 14. Nd4
Be8 15. h3 Rac8 16. Rac1 Qa5 17. a4 h6 18. Bd2 Qc7 19. Kh1 Nd7 20. Qg3 Kh8
21. f4 Nc5 22. f5 Bf6 23. Bf4 Bc6 24. b4 Nxe4 25. Nxe4 Bxe4 26. fxe6 Qe7 27.
Qg4 d5 28. cxd5 Rxc1 29. Bxc1 Bxd5 30. exf7 Bxf7 31. b5 Rxd4 32. Rxd4 Qe1+
33. Kh2 Be5+ 34. Bf4 Bxd4 35. h4 Bg1+ 36. Kh1 Bf2+ 37. Kh2 Be6 38. Qd1 Qxd1
{White resigns}
0-1

[Event "ICC tourney 1953 (60 10)"]
[Site "Internet Chess Club"]
[Date "2020.08.08"]
[Round "4"]
[White "Aryangambit"]
[Black "binomialfactor"]
[Result "1/2-1/2"]
[ICCResult "Game drawn by mutual agreement"]
[WhiteElo "2081"]
[BlackElo "2177"]
[Opening "Sicilian: Pelikan, Chelyabinsk variation"]
[ECO "B33"]
[NIC "SI.37"]
[Time "12:07:23"]
[TimeControl "3600+10"]

1. e4 c5 2. Nf3 Nc6 3. d4 cxd4 4. Nxd4 Nf6 5. Nc3 e5 6. Ndb5 d6 7. Bg5 a6 8.
Na3 b5 9. Nd5 Be7 10. Bxf6 Bxf6 11. c3 O-O 12. Nc2 Rb8 13. h4 Be6 14. Nce3
Be7 15. Bd3 a5 16. Qf3 Qd7 17. Qg3 Bd8 18. Nf5 Bxf5 19. exf5 f6 20. Be4 Kh8
21. Qf3 Ne7 22. g4 b4 23. O-O bxc3 24. bxc3 Nxd5 25. Bxd5 Bb6 26. Rab1 Qa7
27. Kg2 Qe7 28. Rb5 Bc7 29. Rfb1 Rxb5 30. Rxb5 Rb8 31. Rxb8+ Bxb8 32. Qd3
Bc7 33. Qa6 g6 34. Qc8+ Bd8 35. fxg6 hxg6 36. h5 gxh5 37. gxh5 f5 38. Qxf5
Qg5+ 39. Qxg5 {Game drawn by mutual agreement} 1/2-1/2

[Event "ICC tourney 1953 (60 10)"]
[Site "Internet Chess Club"]
[Date "2020.08.08"]
[Round "4"]
[White "speedskater"]
[Black "dabbindino"]
[Result "1-0"]
[ICCResult "Black resigns"]
[WhiteElo "2645"]
[BlackElo "2290"]
[Opening "QGD: classical variation (5.Bf4)"]
[ECO "D37"]
[NIC "QI.01"]
[Time "12:07:53"]
[TimeControl "3600+10"]

1. d4 Nf6 2. c4 e6 3. Nf3 d5 4. Nc3 Be7 5. Bf4 O-O 6. Rc1 c6 7. e3 Nbd7 8.
h3 dxc4 9. Bxc4 Nb6 10. Bd3 Nbd5 11. Be5 Nxc3 12. bxc3 b6 13. Ng5 h6 14. Ne4
Bb7 15. Qf3 Nxe4 16. Bxe4 Rc8 17. O-O Bd6 18. Bb1 Bxe5 19. Qe4 f5 20. Qxe5
Qf6 21. Qxf6 gxf6 22. e4 fxe4 23. Bxe4 Ba6 24. c4 e5 25. dxe5 fxe5 26. Rfd1
Kg7 27. c5 Bb5 28. Rc3 Rf4 29. Rd7+ Kf8 30. f3 Rf7 31. Rd6 h5 32. Rh6 Rd8
33. Rh8+ Ke7 34. Rxh5 Rd1+ 35. Kh2 Kd7 36. Rxe5 Rd2 37. Rc2 Rxc2 38. Bxc2
Rf4 39. Bf5+ Kd8 40. Be4 {Black resigns} 1-0

[Event "ICC tourney 1953 (60 10)"]
[Site "Internet Chess Club"]
[Date "2020.08.08"]
[Round "4"]
[White "esrosenberg"]
[Black "pyaru536"]
[Result "0-1"]
[ICCResult "White resigns"]
[WhiteElo "2168"]
[BlackElo "2136"]
[Opening "QGD: 4.Nf3"]
[ECO "D37"]
[NIC "QP.11"]
[Time "12:07:46"]
[TimeControl "3600+10"]

1. Nf3 Nf6 2. c4 e6 3. Nc3 d5 4. d4 Be7 5. Bg5 h6 6. Bf4 Nbd7 7. e3 O-O 8.
Qc2 a6 9. a3 c5 10. Rd1 cxd4 11. exd4 dxc4 12. Bxc4 b5 13. Ba2 Bb7 14. Ne5
Rc8 15. O-O Nb6 16. Qd3 Nbd5 17. Bc1 Nxc3 18. bxc3 Bd5 19. c4 bxc4 20. Qg3
Ne4 21. Qh3 c3 22. Bxd5 exd5 23. Rd3 Bg5 24. f4 Bf6 25. g4 Bxe5 26. dxe5
Qb6+ 27. Kg2 Qe6 28. f5 Qxe5 29. Bf4 Qf6 30. Rxd5 c2 31. Bc1 Qc6 32. Qd3 Nf6
33. Kg1 Qxd5 {White resigns} 0-1

[Event "ICC tourney 1953 (60 10)"]
[Site "Internet Chess Club"]
[Date "2020.08.08"]
[Round "4"]
[White "Kobalia"]
[Black "milindm"]
[Result "1-0"]
[ICCResult "Black checkmated"]
[WhiteElo "2652"]
[BlackElo "2210"]
[Opening "Sicilian defense"]
[ECO "B40"]
[NIC "SI.43"]
[Time "12:07:58"]
[TimeControl "3600+10"]

1. e4 c5 2. Nf3 e6 3. g3 d5 4. exd5 exd5 5. Bg2 Nf6 6. O-O Be7 7. d4 O-O 8.
Nc3 Nc6 9. dxc5 Bxc5 10. a3 a5 11. Bg5 Be6 12. Qd3 h6 13. Bxf6 Qxf6 14. Nxd5
Qxb2 15. Rfb1 Ne5 16. Qe2 Nxf3+ 17. Bxf3 Qd4 18. c3 Qa4 19. Rxb7 Rab8 20.
Rxb8 Rxb8 21. Nf4 Bc4 22. Qe5 Qb5 23. Kg2 Re8 24. Qf5 g6 25. Qc2 Rb8 26. Qe4
Re8 27. a4 Rxe4 28. axb5 Re5 29. Rxa5 Re1 30. Bd5 Bf1+ 31. Kf3 g5 32. Ra8+
Kg7 33. Nh5+ Kg6 34. Rg8+ Kh7 35. Nf6# {Black checkmated} 1-0

[Event "ICC tourney 1953 (60 10)"]
[Site "Internet Chess Club"]
[Date "2020.08.08"]
[Round "4"]
[White "fastturle"]
[Black "FullStep"]
[Result "0-1"]
[ICCResult "White resigns"]
[WhiteElo "2144"]
[BlackElo "2148"]
[Opening "English opening"]
[ECO "A10"]
[NIC "EO.63"]
[Time "12:07:36"]
[TimeControl "3600+10"]

1. c4 b6 2. Nc3 e6 3. e4 Bb7 4. Nf3 Bb4 5. d3 Bxc3+ 6. bxc3 d6 7. g3 Nd7 8.
Bg2 Ngf6 9. O-O h6 10. Nd4 Nc5 11. f4 Qd7 12. Ba3 O-O 13. g4 Qa4 14. g5 Qxd1
15. Raxd1 hxg5 16. fxg5 Nfd7 17. Kf2 g6 18. Ke3 Kg7 19. h3 e5 20. Ne2 Ne6
21. h4 Rh8 22. Rh1 Rh7 23. Kf3 f5 24. gxf6+ Nxf6 25. Bh3 Rf8 26. Ke3 Nf4 27.
Nxf4 exf4+ 28. Kf3 Rxh4 29. Be6 Rfh8 30. Rxh4 Rxh4 31. Rg1 Kh6 32. Bc1 g5
33. Rg2 Bc6 34. Bd2 Be8 35. Bf5 Bh5+ 36. Kf2 Bg4 37. Bxg4 Nxg4+ 38. Kf3 Ne5+
{White resigns}
0-1

[Event "ICC tourney 1953 (60 10)"]
[Site "Internet Chess Club"]
[Date "2020.08.08"]
[Round "4"]
[White "tedchen"]
[Black "TjkTiger"]
[Result "1/2-1/2"]
[ICCResult "Game drawn by mutual agreement"]
[WhiteElo "2318"]
[BlackElo "2578"]
[Opening "Old Indian defense"]
[ECO "A42"]
[NIC "OI.07"]
[Time "12:08:16"]
[TimeControl "3600+10"]

1. d4 d6 2. c4 e5 3. d5 a5 4. Nc3 Na6 5. e4 g6 6. Be3 Bd7 7. Nf3 Bg7 8. Nd2
f5 9. exf5 gxf5 10. Qh5+ Kf8 11. f3 Qe8 12. Qxe8+ Rxe8 13. Bd3 Bh6 14. Bf2
Nf6 15. Rd1 Rg8 16. O-O Nh5 17. Ne2 Nc5 18. Bc2 b6 19. a3 Ke7 20. Kh1 Nf4
21. Nxf4 Bxf4 22. Nb1 Ba4 23. Bxa4 Nxa4 24. b3 Nb2 25. Rde1 Nd3 26. Re2 Kd7
27. Nc3 Nxf2+ 28. Rfxf2 h5 29. g3 Bc1 30. Nb5 h4 31. Rg2 hxg3 32. Rxg3 Bh6
33. Rxg8 Rxg8 34. Rg2 Rh8 35. Kg1 Rh7 36. Rg8 Bf4 37. h4 Be3+ 38. Kg2 a4 39.
b4 Bf4 40. Kf2 Bc1 41. Ke2 Rxh4 42. Rg7+ Kd8 43. Rg8+ Ke7 44. Rg7+ Kf6 45.
Rxc7 e4 46. fxe4 fxe4 47. Rc6 Rh2+ 48. Kf1 Bf4 49. c5 bxc5 50. bxc5 e3 51.
Nc3 Be5 52. cxd6 Bxc3 53. Rxc3 Rd2 54. Rxe3 Rxd5 55. Re4 Rxd6 56. Rxa4
{Game drawn by mutual agreement}
1/2-1/2

[Event "ICC tourney 1953 (60 10)"]
[Site "Internet Chess Club"]
[Date "2020.08.08"]
[Round "4"]
[White "jsl1996"]
[Black "NyzhnykIllia"]
[Result "1/2-1/2"]
[ICCResult "Game drawn by mutual agreement"]
[WhiteElo "2630"]
[BlackElo "2752"]
[Opening "QGD Slav defense: exchange variation"]
[ECO "D10"]
[NIC "SL.01"]
[Time "12:07:52"]
[TimeControl "3600+10"]

1. d4 d5 2. c4 c6 3. cxd5 cxd5 4. Bf4 Nc6 5. e3 Nf6 6. Nc3 Bf5 7. Qb3 Na5 8.
Qa4+ Bd7 9. Qc2 e6 10. Bd3 Bb4 11. Nf3 Nh5 12. Bg5 f6 13. Bxh7 fxg5 14. Qg6+
Kf8 15. Qxh5 Be8 16. Qg4 Rxh7 17. Nxg5 Rh6 18. Nxe6+ Rxe6 19. Qxe6 Rc8 20.
O-O Bxc3 21. bxc3 Rxc3 22. Rac1 Rxc1 23. Rxc1 Nc4 24. e4 Qd7 25. exd5 b5 26.
f4 Qd8 27. a4 Bd7 28. Qe1 Qf6 29. Qb4+ Kg8 30. axb5 Ne3 31. Qe1 Qxd4 32. Qf2
Qd3 33. h3 Nxd5 34. Qxa7 Qd2 35. Ra1 Nxf4 36. Qa2+ Qxa2 37. Rxa2 Bxb5
{Game drawn by mutual agreement}
1/2-1/2

[Event "ICC tourney 1953 (60 10)"]
[Site "Internet Chess Club"]
[Date "2020.08.08"]
[Round "4"]
[White "shianen"]
[Black "FlyCatcher"]
[Result "0-1"]
[ICCResult "White resigns"]
[WhiteElo "2197"]
[BlackElo "2527"]
[Opening "QGA: Alekhine defense"]
[ECO "D22"]
[NIC "QG.05"]
[Time "12:07:32"]
[TimeControl "3600+10"]

1. d4 d5 2. c4 dxc4 3. Nf3 a6 4. e3 Nf6 5. Bxc4 e6 6. Nc3 b5 7. Be2 Bb7 8.
O-O Nbd7 9. Nd2 c5 10. Bf3 Qc7 11. Bxb7 Qxb7 12. dxc5 Nxc5 13. Nb3 Rd8 14.
Qc2 Rc8 15. Nxc5 Bxc5 16. a3 O-O 17. Rd1 h6 18. b4 Ba7 19. Bb2 Rc4 20. Qe2
Bb8 21. Rac1 Rfc8 22. Na2 Ng4 23. h3 Ne5 24. f4 Rxc1 25. Rxc1 Nc4 26. Bd4 e5
27. fxe5 Re8 28. e6 Rxe6 29. Qd3 Qc7 30. Rc2 Qh2+ 31. Kf1 Bg3 32. Rf2 Bxf2
33. Kxf2 Rg6 34. Qe4 Qg3+ 35. Kg1 Re6 36. Qf3 Qxf3 37. gxf3 Nxe3 {White
resigns} 0-1

[Event "ICC tourney 1953 (60 10)"]
[Site "Internet Chess Club"]
[Date "2020.08.08"]
[Round "4"]
[White "Dking135799"]
[Black "bpovo1394"]
[Result "1-0"]
[ICCResult "Black resigns"]
[WhiteElo "2260"]
[BlackElo "2108"]
[Opening "QGD Slav: exchange variation"]
[ECO "D13"]
[NIC "SL.02"]
[Time "12:07:21"]
[TimeControl "3600+10"]

1. d4 d5 2. Nf3 Nf6 3. c4 c6 4. cxd5 cxd5 5. Nc3 Nc6 6. Bf4 a6 7. Ne5 Nxe5
8. dxe5 Nh5 9. Be3 Be6 10. h3 f6 11. Qd4 fxe5 12. Qxe5 Bf7 13. Rd1 Nf6 14.
Bg5 h6 15. Bh4 g5 16. Bg3 Bg7 17. e3 O-O 18. Qf5 Qe8 19. Qb1 e5 20. Be2 d4
21. exd4 Bg6 22. Bd3 exd4+ 23. Ne2 Bh5 24. Rd2 Nd5 25. Bc4 Qc6 26. Qd3 Kh8
27. O-O Nf4 28. Bxf4 gxf4 29. Nxd4 Qf6 30. Ne6 Rg8 31. f3 Qh4 32. Qf5 b5 33.
Bd5 Rae8 34. Qxf4 Qe7 35. Nxg7 Rxg7 36. Qxh6+ Rh7 37. Qf4 Bf7 38. Be4 Rg7
39. Rff2 Rc8 40. Rc2 Rd8 41. Rfd2 Rf8 42. Qd6 Qa7+ 43. Kh1 Re8 44. Qd4 Qb8
45. Rc5 Qg3 46. Qf2 Qf4 47. Rf5 Qc7 48. Qc5 Qg3 49. Qf2 Qc7 50. Qh4+ Kg8 51.
Qf4 Qc1+ 52. Kh2 Qc4 53. Rg5 Rxg5 54. Qxg5+ Kf8 55. Qh6+ {Black resigns} 1-0

[Event "ICC tourney 1953 (60 10)"]
[Site "Internet Chess Club"]
[Date "2020.08.08"]
[Round "4"]
[White "PappusChain923"]
[Black "savchess06"]
[Result "1/2-1/2"]
[ICCResult "Game drawn by mutual agreement"]
[WhiteElo "2188"]
[BlackElo "2103"]
[Opening "Nimzo-Indian: classical, Noa variation"]
[ECO "E34"]
[NIC "NI.23"]
[Time "12:07:49"]
[TimeControl "3600+10"]

1. d4 Nf6 2. c4 e6 3. Nc3 Bb4 4. Qc2 d5 5. Bg5 c5 6. Rd1 cxd4 7. Rxd4 Nc6 8.
Rd1 d4 9. a3 Bxc3+ 10. bxc3 Qa5 11. Nf3 e5 12. e3 dxe3 13. Bxe3 O-O 14. Be2
h6 15. O-O Be6 16. Rb1 Qc7 17. Qb2 Rab8 18. h3 b6 19. Qb5 Ne4 20. Rfc1 Nd6
21. Qa4 Nf5 22. Bd2 e4 23. Nd4 Ncxd4 24. cxd4 Nxd4 25. Bf1 Rfd8 26. Bc3 Bd7
27. Qb4 Ne6 28. Qb2 Qc5 29. Be5 Rbc8 30. Re1 Bc6 31. Rbd1 Qe7 32. Be2 Qg5
33. Bg3 e3 34. Bg4 exf2+ 35. Qxf2 Qc5 36. Qxc5 bxc5 37. Rxd8+ Rxd8 38. Bxe6
fxe6 39. Rxe6 Bd7 40. Rd6 Kf7 41. Bf2 Ke8 42. Ra6 Bf5 43. Rxa7 g6 44. Bxc5
Rc8 45. Re7+ Kd8 46. Bb4 Rxc4 47. g4 Bxg4 48. Rh7 Bxh3 49. Rxh6 Bf5
{Game drawn by mutual agreement}
1/2-1/2

[Event "ICC tourney 1953 (60 10)"]
[Site "Internet Chess Club"]
[Date "2020.08.08"]
[Round "4"]
[White "KRIPRI"]
[Black "babadroga92"]
[Result "1/2-1/2"]
[ICCResult "Game drawn by mutual agreement"]
[WhiteElo "2198"]
[BlackElo "2249"]
[Opening "Queen's pawn: London system"]
[ECO "A45"]
[NIC "QP.07"]
[Time "12:07:21"]
[TimeControl "3600+10"]

1. d4 Nf6 2. Bf4 e6 3. e3 d5 4. Nf3 Bd6 5. Nbd2 c5 6. c3 Qc7 7. Bg3 Nbd7 8.
Bd3 b6 9. e4 Bxg3 10. hxg3 dxe4 11. Nxe4 Bb7 12. Qe2 h6 13. O-O-O O-O-O 14.
Nxf6 Nxf6 15. Ba6 Rd5 16. Bxb7+ Kxb7 17. Kb1 Rhd8 18. Rd2 cxd4 19. Rxd4 Rxd4
20. Nxd4 Qc5 21. Qf3+ Qd5 22. Re1 Qxf3 23. gxf3 h5 24. f4 Rd5 25. Kc2 h4 26.
gxh4 g6 27. Re5 Rd8 28. Nf3 Kc7 29. Ng5 Rd7 30. Re2 Nd5 31. Re4 Kd8 32. Nf3
Ke7 33. Ne5 Rc7 34. Kb3 Kf6 35. f3 Rc8 36. c4 Ne7 37. Rd4 Rc7 38. Ng4+ Kg7
39. Ne3 Nc6 40. Rd6 Kf8 41. Ka4 Ke7 42. Rd1 Nb8 43. b4 a6 44. Kb3 Rc8 45. a4
Rh8 46. Ng2 Rh5 47. Kc3 a5 48. Rb1 Nd7 49. Kd4 Kd6
{Game drawn by mutual agreement}
1/2-1/2

[Event "ICC tourney 1953 (60 10)"]
[Site "Internet Chess Club"]
[Date "2020.08.08"]
[Round "4"]
[White "GGuseinov"]
[Black "Visam"]
[Result "1-0"]
[ICCResult "Black resigns"]
[WhiteElo "2718"]
[BlackElo "2575"]
[Opening "Ruy Lopez: exchange, Gligoric variation"]
[ECO "C69"]
[NIC "RL.08"]
[Time "12:07:31"]
[TimeControl "3600+10"]

1. e4 e5 2. Nf3 Nc6 3. Bb5 a6 4. Bxc6 dxc6 5. O-O f6 6. d4 Bg4 7. c3 Bd6 8.
Nbd2 Ne7 9. h3 Bh5 10. dxe5 fxe5 11. Nc4 Bxf3 12. Qxf3 Ng6 13. Rd1 Qe7 14.
b4 Qe6 15. Nxd6+ cxd6 16. a4 Rd8 17. b5 axb5 18. axb5 cxb5 19. Ra7 Rf8 20.
Qd3 Qd7 21. Bg5 Nf4 22. Qd2 Nxh3+ 23. gxh3 Qxh3 24. Qe2 Rb8 25. Rd3 Qe6 26.
Rg3 Qc4 27. Qh5+ Qf7 28. Qxf7+ Rxf7 29. Ra5 Rc8 30. Rxb5 Rc4 31. Rd5 Rd7 32.
Re3 Kf7 33. f3 Ke6 34. Red3 Rc6 35. Kf2 Rf7 36. Bc1 Ra6 37. Kg3 Rc7 38. Rb5
Ra1 39. Be3 Ra6 40. Rb3 Ke7 41. Bc1 Ke6 42. Ba3 Rcc6 43. Bb4 Rcb6 44. Rb1
Rc6 45. Rbd1 Rcb6 46. Kg4 Rc6 47. Rh1 h6 48. Rd2 Kf7 49. Rhd1 d5 50. exd5
Rg6+ 51. Kf5 Raf6+ 52. Kxe5 Rxf3 53. d6 Re6+ 54. Kd5 Rf5+ 55. Kc4
{Black resigns}
1-0